 Dungeon Crawl Stone Soup version 0.30-a0-462-gd5975efbca (webtiles) character file.

Game seed: 1967731335080820608

77 holysushi the Poker (level 4, -16/38 HPs)
             Began as a Hill Orc Gladiator on Dec 16, 2022.
             Engulfed by a cloud of flame (17 damage)
             ... on level 3 of the Dungeon.
             The game lasted 00:03:06 (1813 turns).

holysushi the Poker (Hill Orc Gladiator)            Turns: 1813, Time: 00:03:07

Health: -16/38     AC:  9    Str: 18    XL:     4   Next: 34%
Magic:  4/4        EV: 11    Int:  8    God:
Gold:   200        SH:  0    Dex: 12    Spells: 3/3 levels left

rFire   . . .      SeeInvis .    a - +0 trident
rCold   . . .      Faith    .    (no shield)
rNeg    . . .      Spirit   .    k - +0 ring mail
rPois   .          Reflect  .    c - +1 helmet
rElec   .          Harm     .    (no cloak)
rCorr   .          Rampage  .    o - +1 Delatra's gloves {ID++}
Will    .....                    (no boots)
Stlth   +.........               (no amulet)
HPRegen 0.26/turn                (no ring)
MPRegen 0.09/turn                (no ring)

@: no status effects
A: no striking features
a: no special abilities


You were on level 3 of the Dungeon.
You visited 1 branch of the dungeon, and saw 3 of its levels.

You collected 200 gold pieces.

Inventory:

Hand Weapons
 a - a +0 trident (weapon)
Missiles
 d - 3 throwing nets (quivered)
 e - a javelin
Armour
 b - a +0 leather armour
 c - a +1 helmet (worn)
 j - a +0 pair of gloves
 k - a +0 ring mail (worn)
 o - the +1 Delatra's gloves (worn) {ID++}
   (You found it on level 2 of the Dungeon)

   It heals its wearer when they drink unknown potions.
   It restores its wearer's MP when they read unknown scrolls.
 p - a +0 chain mail
Scrolls
 h - a scroll of blinking
 i - 2 scrolls of enchant armour
 l - a scroll of teleportation
 r - a scroll of torment
Potions
 f - a potion of degeneration {unknown}
 g - a potion of haste {unknown}
 m - 2 potions of curing {unknown}


   Skills:
 + Level 3.0 Fighting
 * Level 5.2 Polearms
 - Level 1.7 Throwing
 - Level 2.4 Dodging


You had 3 spell levels left.
You didn't know any spells.
Your spell library contained the following spells:

 Spells                   Type           Power      Damage    Failure   Level
 Shock                    Conj/Air       0%         1d3       61%         1
 Frozen Ramparts          Ice            0%         1d1       93%         3
 Swiftness                Air            0%         N/A       93%         3
 Airstrike                Air            0%         2d(0-16)  100%        4
 Ice Form                 Ice/Tmut       0%         N/A       100%        4
 Summon Ice Beast         Ice/Summ       0%         N/A       100%        4


Dungeon Overview and Level Annotations

Branches:
Dungeon (3/15) Zot: 16176

Altars:

Annotations:
D:3 1 transporter


Message History

No target in view!
Blink to where?
Press: ? - help, Dir - move target
As you read the scroll labelled QOXTU SOZAUMNE, it crumbles to dust.
It was a scroll of blinking.
The energy of discovery flows from your fingertips!
Magic courses through your body.
As you read the scroll labelled LIEVOV COUGH, it crumbles to dust.
It is a scroll of enchant armour.
Your +0 helmet glows green for a moment.
The energy of discovery flows from your fingertips!
Magic courses through your body.
Okay, then.
Okay, then.
As you read the scroll labelled VATZAK PUAC, it crumbles to dust.
You feel strangely unstable.
It was a scroll of teleportation.
The energy of discovery flows from your fingertips!
Magic courses through your body.
Your surroundings suddenly seem different.
A hobgoblin comes into view.
The hobgoblin shouts!
As you read the scroll labelled IDIOCK DEUS, it crumbles to dust.
The creatures around you are filled with an inner flame!
It was a scroll of immolation.
The energy of discovery flows from your fingertips!
Magic courses through your body.
As you read the scroll labelled TOYDGH ZYECS, it crumbles to dust.
It is a scroll of identify.
r - a scroll of torment The energy of discovery flows from your fingertips!
Magic courses through your body.
You hit the hobgoblin.
Flame seeps out of the hobgoblin.
The hobgoblin is almost dead.
The hobgoblin is engulfed in blazing flames.
The hobgoblin explodes!
The fiery explosion engulfs you!!!
Ouch! That really hurt!
* * * LOW HITPOINT WARNING * * *
You are engulfed in blazing flames.
You die...

###.#.#######.##.#
#...).......#
###.#... ..##.#
#.#######.#.#
..#.############.##
#.# #.#.# #.#.#
.......... #.#
#.#.# #.#.#
.........# ..#
#.#.# #.#.#
.........###.. .#
#.#.# .........#
#.# .)#.#
......§§.# #..
###.# ......§@§#
#.# ###(#
.......§.# ###
....# .........#
##### .........# #
########## # # # #


There were no monsters in sight!

Vanquished Creatures
  3 adders (D:2)
  A dart slug (D:2)
  3 orcs (D:3)
  6 bats
  7 endoplasms
  A giant cockroach (D:1)
  7 goblins
  4 hobgoblins
  2 jackals (D:1)
  3 ball pythons (D:1)
  A frilled lizard (D:3)
  4 kobolds
  3 rats
45 creatures vanquished.

Notes
Turn   | Place    | Note
-------+----------+-------------------------------------------
     0 | D:1      | holysushi the Hill Orc Gladiator began the quest for the
                  | Orb.
     0 | D:1      | Reached XP level 1. HP: 18/18 MP: 1/1
   145 | D:1      | Reached XP level 2. HP: 24/25 MP: 2/2
   167 | D:1      | Reached skill level 4 in Polearms
   892 | D:2      | Reached XP level 3. HP: 30/30 MP: 3/3
  1308 | D:2      | Found the +1 Delatra's gloves {ID++}
  1322 | D:2      | Reached skill level 5 in Polearms
  1322 | D:2      | Reached XP level 4. HP: 32/37 MP: 4/4
  1745 | D:3      | Found a transporter.
  1752 | D:3      | Noticed a small abomination
  1812 | D:3      | HP: 1/38 [spore (37)]
  1813 | D:3      | Engulfed by a cloud of flame

Illustrated notes

Levels and vault maps discovered:
D:1:      dpeg_arrival_windows_large_door, layout_loops_ring
D:2:      layout_basic
D:3:      layout_basic, trog_butcher_becter, portal_sewer_entry_f,
          gammafunk_ghost_abyssal_escape, uniq_sigmund

Skill      XL: |  1  2  3  4 |
---------------+-------------+-----
Polearms       | 4 5 |  5.2
Fighting       | 3 |  3.0
Throwing       | |  1.7
Dodging        | |  2.4

Action                   |  1- 3 |  4- 6 || total
-------------------------+-------+-------++-------
Melee: Trident           |   109 |    34 ||   143
       Punch             |     2 |       ||     2
  Use: Scroll            |       |     5 ||     5
Armor: Leather armour    |    16 |       ||    16
       Ring mail         |    20 |    10 ||    30
Dodge: Dodged            |    72 |    10 ||    82

Table legend: (Time is in decaauts)
 A = Elapsed time spent in this place.
 B = Non-inter-level travel time spent in this place.
 C = Inter-level travel time spent in this place.
 D = Time resting spent in this place.
 E = Time spent auto-exploring this place.
 F = Levels seen in this place.
 G = Mean time per level.
                   A        B        C        D        E       F      G
               +--------+--------+--------+--------+--------+-----+--------+
         Total |   1823 |   1693 |    130 |     44 |   1227 |   3 |  607.7 |
       Dungeon |   1823 |   1693 |    130 |     44 |   1227 |   3 |  607.7 |
               +--------+--------+--------+--------+--------+-----+--------+

Top non-repeatable levels by time:
     D:1: 861 daAuts
     D:2: 837 daAuts
     D:3: 124 daAuts
